 Dungeon Crawl Stone Soup version 0.30.0-29-ga12c61a403 (webtiles) character file.

Game seed: 11018273526224792146

297 GimliDwarf the Tainter (level 6, -1/47 HPs)
             Began as a Gnoll Wanderer on June 15, 2023.
             Frozen to death by an endoplasm (3 damage)
             ... on level 4 of the Dungeon.
             The game lasted 00:10:11 (3631 turns).

GimliDwarf the Tainter (Gnoll Wanderer)             Turns: 3631, Time: 00:10:13

Health: -1/47      AC:  4    Str:  8    XL:     6   Next: 35%
Magic:  6/11       EV: 12    Int: 14    God:
Gold:   116        SH:  0    Dex: 14    Spells: 8/11 levels left

rFire   . . .        p - +1 lajatang
rCold   . . .        (shield currently unavailable)
rNeg    . . .        d - +0 robe
rPois   .            (no helmet)
rElec   .            b - +0 cloak
rCorr   +            (no gloves)
SInv    .            e - +0 pair of boots {Stlth+}
Will    .....        (no amulet)
Stlth   +++          w - ring of resist corrosion
HPRegen 0.27/turn    (no ring)
MPRegen 0.12/turn

%: no passive effects
@: no status effects
A: fangs 1, strong nose, distributed training
a: no special abilities


You were on level 4 of the Dungeon.
You visited 1 branch of the dungeon, and saw 4 of its levels.

You collected 116 gold pieces.

Inventory:

Hand Weapons
 a - a +0 short sword
 p - a +1 lajatang (weapon)
 r - a +2 whip of electrocution
Armour
 b - a +0 cloak (worn)
 d - a +0 robe (worn)
 e - a +0 pair of boots of stealth (worn)
Jewellery
 w - a ring of resist corrosion (left hand)
 z - an amulet of guardian spirit
Wands
 t - a wand of iceblast (12)
Scrolls
 c - a scroll of fog
 g - a scroll of silence {unknown}
 h - a scroll of poison
 j - a scroll of fear {unknown}
Potions
 f - 2 potions of attraction {unknown}
 i - a potion of mutation {unknown}
 k - 3 potions of curing
 l - 2 potions of haste
 q - a potion of ambrosia {unknown}
 s - 2 potions of brilliance {unknown}
 v - 2 potions of resistance {unknown}
 x - a potion of might {unknown}
 A - 2 potions of lignification


   Skills:
 + Level 3.3 Fighting
 + Level 5.0 Short Blades
 + Level 2.0 Long Blades
 + Level 2.0 Axes
 + Level 2.0 Maces & Flails
 + Level 2.0 Polearms
 + Level 2.0 Staves
 + Level 2.0 Ranged Weapons
 + Level 2.0 Throwing
 + Level 2.0 Armour
 + Level 2.0 Dodging
 + Level 3.1 Stealth
 + Level 2.0 Shields
 + Level 2.0 Unarmed Combat
 + Level 3.4 Spellcasting
 + Level 1.6 Conjurations
 + Level 1.6 Hexes
 + Level 1.6 Summonings
 + Level 1.6 Necromancy
 + Level 1.6 Translocations
 + Level 1.6 Transmutations
 + Level 1.6 Fire Magic
 + Level 1.6 Ice Magic
 + Level 1.6 Air Magic
 + Level 1.6 Earth Magic
 + Level 8.9 Poison Magic
 + Level 2.2 Invocations
 + Level 2.0 Evocations


You had 8 spell levels left.
You knew the following spells:

 Your Spells              Type           Power      Damage    Failure   Level
a - Sting                 Tmut/Pois      68%        1d6       2%          1
b - Poisonous Vapours     Pois/Air       34%        N/A       3%          2

Your spell library contained the following spells:

 Spells                   Type           Power      Damage    Failure   Level
 Cigotuvi's Dreadful Rot  Necr/Pois/Air  26%        N/A       6%          2
 Static Discharge         Conj/Air       12%        2-3/arc   16%         2
 Call Canine Familiar     Summ           6%         N/A       32%         3
 Portal Projectile        Hex/Tloc       12%        N/A       32%         3
 Airstrike                Air            3%         2d(1-17)  71%         4
 Leda's Liquefaction      Hex/Erth       3%         N/A       71%         4
 Summon Lightning Spire   Summ/Air       6%         N/A       71%         4


Dungeon Overview and Level Annotations

Branches:
Dungeon (4/15)
 Temple: D:4-7

Altars:


Innate Abilities, Weirdness & Mutations

You have very sharp teeth.
Your uncanny sense of smell can sniff out nearby items.
Your experience applies equally to all skills.


Message History

Aim: Natasha (heavily wounded, poisoned) Poisonous vapours surround Natasha!
Natasha looks even sicker.
The cerulean imp closely misses you. Natasha closely misses you.
The cerulean imp closely misses you.
You closely miss Natasha.
Natasha is heavily wounded.
The cerulean imp closely misses you. Natasha claws you.
* * * LOW HITPOINT WARNING * * *
The cerulean imp misses you. x2; Natasha barely misses you.
You barely miss Natasha. Your bite misses Natasha.
Natasha is severely wounded.
The cerulean imp misses you.
The cerulean imp hits you from afar with a +2 spear.
* * * LOW HITPOINT WARNING * * *
Natasha completely misses you. The cerulean imp closely misses you.
You barely miss Natasha.
Natasha is severely wounded.
The cerulean imp barely misses you.
Natasha stares at you and mumbles some strange words.
You resist with some effort. The endoplasm freezes you.
You are frozen.
* * * LOW HITPOINT WARNING * * *
The cerulean imp hits you with a +0 spear.
* * * LOW HITPOINT WARNING * * *
You hit Natasha.
You kill Natasha!
Natasha growls in agony!
The cerulean imp disappears in a puff of smoke! x2
The endoplasm freezes you.
You are frozen.
* * * LOW HITPOINT WARNING * * *
You hit the endoplasm.
The endoplasm is lightly wounded.
The endoplasm freezes you.
You are frozen.
* * * LOW HITPOINT WARNING * * *
The endoplasm freezes you.
You are frozen.
You die...

,,,,,,,,,,.............,,+,,,+,,+
,,,,,,,,,,,............,,*,,,*,,*
,,,,,,,,,,,,...,,.....,,,*,,,*,,*
*,***,>***,*#.#**#..#**,***,***,*
*,***,,*#####.####..###+####***,*
*,,*,,,,#....$..............,,*,,
*,,*,,,,#...........<.......,,*,,
*,,'.,,,#......J§...........,,*,,
*,,#..,,#.......@.§.........,,*,,
,,**#..*##.##.###†..###.###.*****
***##..###.######...###.#**,***,*
*,....'....'...........#,,,,*,,,
*,....#....#...........#,,,,*,,,
**>.,,##..##..##.......#,,,,+,,*
*****##..##..##'#####.#*,,**,,*
#.......##...###,#*,,**,,,
#........'.....#,,,,,**,,*


You could see an endoplasm.

Vanquished Creatures
  Duvessa (D:4)
  Dowan (D:4)
  Natasha (twice) (D:4)
  An adder (D:3)
  An ufetubus (D:3)
  A worm (D:2)
  A dart slug (D:4)
  4 orcs (D:3)
  8 ball pythons
  6 bats
  6 endoplasms
  6 giant cockroaches
  13 goblins
  5 hobgoblins
  3 kobolds
  3 quokkas
  4 frilled lizards
  4 rats
70 creatures vanquished.

Notes
Turn   | Place    | Note
-------+----------+-------------------------------------------
     0 | D:1      | GimliDwarf the Gnoll Wanderer began the quest for the Orb.
     0 | D:1      | GimliDwarf set off with the following items: a +0 short
                  | sword, a +0 cloak, a scroll of fog, a +0 robe; and the
                  | following spell memorised: Sting; and the following spells
                  | available to memorise: Poisonous Vapours, Cigotuvi's
                  | Dreadful Rot.
     0 | D:1      | Reached XP level 1. HP: 17/17 MP: 4/4
   237 | D:1      | Reached XP level 2. HP: 21/23 MP: 0/5
   330 | D:1      | Noticed an eye of devastation
   334 | D:1      | Found a faded altar of an unknown god.
   336 | D:1      | Noticed a great orb of eyes
   336 | D:1      | Noticed an eye of devastation
   336 | D:1      | Noticed a golden eye
   658 | D:1      | Reached XP level 3. HP: 28/28 MP: 2/7
  1065 | D:2      | Learned a level 2 spell: Poisonous Vapours
  1415 | D:2      | Reached skill level 1 in Invocations
  2019 | D:2      | Reached skill level 1 in Long Blades
  2019 | D:2      | Reached skill level 1 in Axes
  2019 | D:2      | Reached skill level 1 in Maces & Flails
  2019 | D:2      | Reached skill level 1 in Polearms
  2019 | D:2      | Reached skill level 1 in Staves
  2019 | D:2      | Reached skill level 1 in Ranged Weapons
  2019 | D:2      | Reached skill level 1 in Throwing
  2019 | D:2      | Reached skill level 1 in Armour
  2019 | D:2      | Reached skill level 1 in Dodging
  2019 | D:2      | Reached skill level 1 in Shields
  2019 | D:2      | Reached skill level 1 in Unarmed Combat
  2019 | D:2      | Reached skill level 1 in Evocations
  2251 | D:3      | Reached XP level 4. HP: 12/34 MP: 2/8
  2619 | D:3      | Reached skill level 1 in Conjurations
  2619 | D:3      | Reached skill level 1 in Hexes
  2619 | D:3      | Reached skill level 1 in Summonings
  2619 | D:3      | Reached skill level 1 in Necromancy
  2619 | D:3      | Reached skill level 1 in Translocations
  2619 | D:3      | Reached skill level 1 in Transmutations
  2619 | D:3      | Reached skill level 1 in Fire Magic
  2619 | D:3      | Reached skill level 1 in Ice Magic
  2619 | D:3      | Reached skill level 1 in Air Magic
  2619 | D:3      | Reached skill level 1 in Earth Magic
  2997 | D:4      | Noticed Duvessa
  2997 | D:4      | Noticed Dowan
  3178 | D:4      | Noticed Natasha
  3187 | D:4      | Killed Natasha
  3188 | D:4      | Reached XP level 5. HP: 29/40 MP: 1/9
  3353 | D:4      | Killed Duvessa
  3354 | D:4      | Reached XP level 6. HP: 24/47 MP: 2/11
  3479 | D:4      | Killed Dowan
  3480 | D:4      | Reached skill level 5 in Short Blades
  3615 | D:4      | Noticed Natasha
  3630 | D:4      | Killed Natasha
  3631 | D:4      | HP: 2/47 [frozen (2)]
  3631 | D:4      | Frozen to death by an endoplasm

Illustrated notes

Levels and vault maps discovered:
D:1:      grunt_arrival_lava_bath, layout_loops_ring,
          hellmonk_ecumenical_altar_watching_god
D:2:      layout_basic
D:3:      kennysheep_the_goblin_king, layout_basic
D:4:      layout_gridville, uniq_duvessa, uniq_natasha

Skill      XL: |  1  2  3  4  5  6 |
---------------+-------------------+-----
Invocations    | 1 2 |  2.2
Long Blades    | 1 2 |  2.0
Axes           | 1 2 |  2.0
Maces & Flails | 1 2 |  2.0
Polearms       | 1 2 |  2.0
Staves         | 1 2 |  2.0
Ranged Weapons | 1 2 |  2.0
Throwing       | 1 2 |  2.0
Armour         | 1 2 |  2.0
Dodging        | 1 2 |  2.0
Shields        | 1 2 |  2.0
Unarmed Combat | 1 2 |  2.0
Evocations     | 1 2 |  2.0
Spellcasting   | 3 |  3.4
Conjurations   | 1 |  1.6
Hexes          | 1 |  1.6
Summonings     | 1 |  1.6
Necromancy     | 1 |  1.6
Translocations | 1 |  1.6
Transmutations | 1 |  1.6
Fire Magic     | 1 |  1.6
Ice Magic      | 1 |  1.6
Air Magic      | 1 |  1.6
Earth Magic    | 1 |  1.6
Fighting       | 3 |  3.3
Stealth        | 3 |  3.1
Short Blades   | 5 |  5.0
Poison Magic   | |  8.9

Action                     |  1- 3 |  4- 6 || total
---------------------------+-------+-------++-------
  Melee: Short sword       |    18 |       ||    18
         Bite              |     4 |     4 ||     8
         Lajatang          |    19 |    53 ||    72
   Cast: Sting             |    50 |     5 ||    55
         Poisonous Vapours |     6 |    17 ||    23
    Use: Scroll            |       |    10 ||    10
   Stab: Sleeping          |     5 |     2 ||     7
         Distracted        |       |     1 ||     1
 Armour: Robe              |    14 |    16 ||    30
  Dodge: Dodged            |    28 |    47 ||    75
